 Dungeon Crawl Stone Soup version 0.26-a0-154-g3d63440 (webtiles) character file.

Game seed: 13025280542832770422

1471 Firecrotchwizard the Archer (level 8, 0/71 HPs)
             Began as a Centaur Hunter on July 2, 2020.
             Was an Initiate of Okawaru.
             Slain by a hornet (2 damage)
             ... on level 7 of the Dungeon.
             The game lasted 00:16:11 (9238 turns).

Firecrotchwizard the Archer (Centaur Hunter)        Turns: 9238, Time: 00:16:12

Health: 0/71       AC:  8    Str: 18      XL:     8   Next: 49%
Magic:  8/8        EV:  8    Int: 10      God:    Okawaru [......]
Gold:   80         SH:  0    Dex: 13 (15) Spells: 7/7 levels left

rFire    . . .     SeeInvis .   D - +0 trident
rCold    . . .     Faith    .   (no shield)
rNeg     . . .     Spirit   .   y - +0 scale mail
rPois    .         Reflect  .   t - +0 hat
rElec    .         Harm     .   i - +0 cloak
rCorr    .                      C - +0 pair of gloves
MR       .....                  (no barding)
Stlth    ..........             g - amulet of the acrobat
HPRegen  0.21/turn              m - +6 ring of dexterity
MPRegen  0.11/turn              (no ring)

@: lethally poisoned (0 -> -13), slowed
A: large, hooves 3, deformed body, speed 2, tough skin 3
a: Renounce Religion


You were on level 7 of the Dungeon.
You worshipped Okawaru.
Okawaru was noncommittal.
You were hungry.

You visited 2 branches of the dungeon, and saw 9 of its levels.

You collected 255 gold pieces.
You spent 175 gold pieces at shops.

Inventory:

Hand Weapons
 a - a +1 shortbow
 b - a +0 short sword
 e - a +0 spear
   (You found it on level 4 of the Dungeon)
 D - a +0 trident (weapon)
   (You took it off an orc on level 5 of the Dungeon)
Missiles
 d - 49 arrows
Armour
 i - a +0 cloak (worn)
   (You found it on level 1 of the Dungeon)
 t - a +0 hat (worn)
   (You found it on level 4 of the Dungeon)
 w - a +0 chain mail
   (You found it on level 3 of the Dungeon)
 y - a +0 scale mail (worn)
   (You took it off an orc on level 3 of the Dungeon)
 C - a +0 pair of gloves (worn)
   (You bought it in a shop on level 7 of the Dungeon)
Jewellery
 g - an amulet of the acrobat (around neck)
   (You found it on level 2 of the Dungeon)
 m - a +6 ring of dexterity (left hand)
   (You found it on level 6 of the Dungeon)
 n - an uncursed ring of magical power {MP+9}
   (You took it off a crimson imp on level 7 of the Dungeon)
Wands
 c - a wand of iceblast (21)
   (You took it off Ijyb on level 4 of the Dungeon)
 k - a wand of polymorph (10)
   (You found it on level 6 of the Dungeon)
 u - a wand of disintegration (5)
   (You found it on level 2 of the Dungeon)
 B - a wand of digging (5)
   (You found it on level 5 of the Dungeon)
Scrolls
 j - 4 scrolls of identify
 q - 6 scrolls of remove curse
 s - a scroll of noise {!r}
 x - a scroll of magic mapping {!r}
 z - 4 scrolls of teleportation
 A - a scroll of random uselessness
Potions
 h - 2 potions of heal wounds
 l - 2 potions of invisibility
 o - a potion of ambrosia
 p - 2 potions of stabbing
 r - a potion of brilliance
 v - 2 potions of magic
Comestibles
 f - 5 rations


   Skills:
 + Level 6.4 Fighting
 * Level 12.1 Bows
 - Level 1.3 Dodging
 - Level 0.4 Stealth


You had 7 spell levels left.
You didn't know any spells.
Your spell library contained the following spells:

 Spells                   Type           Power        Failure   Level  Hunger
 Infusion                 Chrm           #...         78%         1    ##.....
 Shroud of Golubria       Chrm/Tloc      #.....       89%         2    ###....
 Song of Slaying          Chrm           #.......     89%         2    ###....
 Ozocubu's Armour         Chrm/Ice       #.......     98%         3    ####...
 Spectral Weapon          Hex/Chrm       #.......     98%         3    ####...


Dungeon Overview and Level Annotations

Branches:
Dungeon (8/15)             Temple (1/1) D:7
   Lair: D:8-11

Altars:
Ashenzari
Cheibriados
Dithmenos
Fedhas
Gozag
Hepliaklqana
Kikubaaqudgha
Makhleb
Nemelex Xobeh
Okawaru
Ru
Sif Muna
Uskayaw
Vehumet
Wu Jian
Xom
Yredelemnul
Zin
The Shining One

Shops:
D:7 ?=*

Annotations:
D:4 1 runed translucent door, Crazy Yiuf, Menkaure


Innate Abilities, Weirdness & Mutations

You have hooves in place of feet.
Armour fits poorly on your strangely shaped body.
You cover ground very quickly.
You have extremely tough skin. (AC +3)


Message History

You finish putting on your +0 pair of gloves.
You see here a leopard gecko skeleton.
Items here: )) [[ a +0 ring mail; a +0 hand axe; a +0 leather armour; a +0 flail You see here a +0 dagger.
Found a stone staircase leading down.
There is a stone staircase leading down here.
You see here 22 stones.
There is a stone staircase leading down here.
You are feeling hungry.
You may need something to eat soon, looking for food.
Can't find anything matching that.
Okay, then.
Done exploring.
Done exploring.
(D) Dungeon (T) Temple
Where to? (Enter - D:7, ? - help)
Okay, then.
(D) Dungeon (T) Temple
Where to? (Enter - D:7, ? - help)
There is a stone staircase leading down here.
You climb downwards.
There is a stone staircase leading up here.
You may need something to eat soon, looking for food.
Can't find anything matching that.
Okay, then.
You open the door.
There is an open door here.
c - a wand of iceblast (21) (gained 13 charges)
A hornet comes into view.
The hornet buzzes angrily.
Aim: a hornet (chance to defeat MR: 56%)
The hornet resists with significant effort.
A howler monkey comes into view.
Aim: a hornet (chance to defeat MR: 56%)
The hornet resists with significant effort.
The howler monkey howls!
A howler monkey comes into view.
There is a stone staircase leading up here.
The hornet stings you but does no damage. x2
You climb upwards.
There is a stone staircase leading down here.
You hit the hornet. Your kick misses the hornet. The hornet stings you.
You are poisoned.
You feel yourself slow down.
The hornet stings you but does no damage.
You take 1 damage, and have 70/71 hp.
You hit the hornet but do no damage. Your kick misses the hornet.
You feel yourself speed up.
You feel sick. The hornet barely misses you. The hornet misses you.
The hornet stings you.
You feel yourself slow down.
You take 3 damage, and have 67/71 hp.
You barely miss the hornet.
You feel sick. The hornet stings you.
You are more poisoned.
You feel as though you will be slow longer.
The hornet stings you but does no damage.
The hornet barely misses you.
You take 2 damage, and have 65/71 hp.
You hit the hornet but do no damage.
You feel very sick. The hornet completely misses you.
The hornet stings you but does no damage. x2
You take 3 damage, and have 62/71 hp.
You hit the hornet.
You feel sick. The hornet closely misses you. The hornet barely misses you. x2
You take 1 damage, and have 61/71 hp.
Unknown command.
You barely miss the hornet. You kick the hornet!
You feel very sick. The hornet stings you!
You feel as though you will be slow longer.
The hornet stings you!
You suddenly lose the ability to move!
The hornet stings you but does no damage.
You can move again.
You take 22 damage, and have 39/71 hp.
MASSIVE DAMAGE!!
You closely miss the hornet. Your kick misses the hornet.
You feel sick.
The hornet stings you but does no damage.
The hornet stings you!
You are more poisoned.
You feel as though you will be slow longer.
You take 16 damage, and have 23/71 hp.
MASSIVE DAMAGE!!
You hit the hornet. You kick the hornet, but do no damage.
You feel very sick. The hornet stings you.
* * * LOW HITPOINT WARNING * * *
You feel as though you will be slow longer.
The hornet stings you!
* * * LOW HITPOINT WARNING * * *
You feel as though you will be slow longer.
The hornet stings you but does no damage.
You take 18 damage, and have 5/71 hp.
MASSIVE DAMAGE!!
You miss the hornet. Your kick misses the hornet.
* * * LOW HITPOINT WARNING * * *
You feel very sick. The hornet stings you.
You die...

# ###...........[# #.# #
#......######### #.# #
#.#.#..###########.# #
#.#.#..............#
###.#.#..............#
#...#.##.............#
#.###>##.#####.......# #.# #y##.#
#.......# ##.###@##.#####.##.##..
###########...##.##.#.....##.##.#
..........................##.##.#
.###.######...#####.............#
.###.# ##.## ###.###.##..###
.....# #.# #.# #.###.# # .#####
#.# #.# #.# #.# # .# #.# #.#
#.###.### .# #.# ##.###........


You could see a hornet.

Vanquished Creatures
  Sigmund (D:5)
  A sky beast (D:5)
  A slave (D:4)
  A necrophage (D:6)
  2 centaurs
  A bullfrog (D:6)
  A centaur zombie (D:6)
  3 crimson imps
  A bullfrog zombie (D:6)
  A quasit (D:6)
  A centaur skeleton (D:4)
  A hound (D:4)
  6 orc priests
  2 iguanas
  Ijyb (D:4)
  5 orc wizards
  4 worker ants
  7 adders
  A shadow imp (D:5)
  A dart slug (D:1)
  A worm (D:3)
  4 leopard geckos
  16 orcs
  A ball python (D:2)
  12 bats
  5 giant cockroaches
  8 goblins
  4 hobgoblins
  4 jackals
  6 quokkas
  6 frilled lizards
  A jackal skeleton (D:6)
  5 kobolds (D:1)
  2 leopard gecko skeletons
  10 rats
127 creatures vanquished.

Notes
Turn   | Place    | Note
-------+----------+-------------------------------------------
     0 | D:1      | Firecrotchwizard the Centaur Hunter began the quest for the
                  | Orb.
     0 | D:1      | Reached XP level 1. HP: 17/17 MP: 1/1
   324 | D:1      | Reached XP level 2. HP: 24/24 MP: 2/2
   587 | D:1      | Reached skill level 6 in Bows
  1182 | D:1      | Reached XP level 3. HP: 30/30 MP: 3/3
  2620 | D:2      | Reached XP level 4. HP: 37/37 MP: 4/4
  2664 | D:2      | HP: 9/37 [poisoned by an adder]
  2673 | D:2      | Reached skill level 3 in Fighting
  2675 | D:2      | HP: 8/38 [jackal (3)]
  2682 | D:2      | HP: 7/38 [poisoned by an adder]
  2688 | D:2      | Reached skill level 7 in Bows
  3149 | D:2      | HP: 9/38 [poisoned by an adder]
  3157 | D:2      | HP: 8/38 [poisoned by an adder]
  3725 | D:3      | Found a shattered altar of Ashenzari.
  4044 | D:3      | Reached XP level 5. HP: 38/45 MP: 5/5
  4388 | D:3      | Noticed an angel
  4389 | D:3      | Found a glowing silver altar of Zin.
  4971 | D:4      | Noticed Ijyb
  5024 | D:4      | Killed Ijyb
  5024 | D:4      | Reached skill level 8 in Bows
  5080 | D:4      | Reached skill level 4 in Fighting
  5080 | D:4      | Reached XP level 6. HP: 42/52 MP: 6/6
  5113 | D:4      | HP: 11/52 [orc wizard/puff of frost (8)]
  5449 | D:4      | Noticed a slave
  5528 | D:4      | Killed a slave
  5720 | D:4      | Found a runed translucent door.
  5722 | D:4      | Noticed Crazy Yiuf
  5748 | D:4      | Noticed a slave
  5748 | D:4      | Noticed a slave
  5811 | D:4      | Noticed Menkaure
  5833 | D:5      | Entered Level 5 of the Dungeon
  5978 | D:5      | Noticed Sigmund
  5981 | D:5      | Killed Sigmund
  5981 | D:5      | Reached skill level 9 in Bows
  5981 | D:5      | Reached XP level 7. HP: 60/60 MP: 7/7
  6388 | D:5      | Reached skill level 10 in Bows
  6717 | D:5      | Found a sparkling altar of Nemelex Xobeh.
  6729 | D:5      | Found a basalt altar of Yredelemnul.
  6761 | D:5      | Found a snail-covered altar of Cheibriados.
  6764 | D:5      | Found a hide-covered altar of Uskayaw.
  6833 | D:6      | Reached skill level 5 in Fighting
  7337 | D:6      | Reached skill level 11 in Bows
  7337 | D:6      | Reached XP level 8. HP: 52/69 MP: 8/8
  7743 | D:6      | Reached skill level 6 in Fighting
  8056 | D:7      | Found Umpeta's Jewellery Shoppe.
  8424 | D:7      | Found a staircase to the Ecumenical Temple.
  8430 | Temple   | Entered the Ecumenical Temple
  8553 | Temple   | Became a worshipper of Warmaster Okawaru
  8677 | D:7      | Reached skill level 12 in Bows
  8869 | D:7      | Found Cisigg's General Store.
  8879 | D:7      | Bought a potion of heal wounds for 70 gold pieces
  8879 | D:7      | Bought a scroll of teleportation for 42 gold pieces
  8879 | D:7      | Bought a +0 pair of gloves for 63 gold pieces
  8945 | D:7      | Found Acocsog's Magic Scroll Shop.
  9206 | D:8      | Noticed a hornet
  9235 | D:7      | Paralysed by a hornet for 2 turns
  9237 | D:7      | HP: 15/71 [hornet (6)]
  9237 | D:7      | HP: 5/71 [hornet (10)]
  9238 | D:7      | HP: 2/71 [poisoned by a hornet]
  9238 | D:7      | Slain by a hornet

Illustrated notes

Levels and vault maps discovered:
D:1:      dpeg_arrival_round_c, layout_basic
D:2:      layout_basic, first_ration
D:3:      layout_basic, overflow_temple_1_default, zin_angel, minmay_liquid_box,
          wad_rectangle_vault
D:4:      layout_loops_cross, gammafunk_temple_overflow_statue, uniq_ijyb,
          uniq_crazy_yiuf_cottage, uniq_menkaure, uniq_pikel
D:5:      layout_cave_pools, grunt_temple_overflow_cloverleaf, uniq_sigmund
D:6:      layout_loops_ring, kennysheep_flooded_box
D:7:      layout_loops_ring, minmay_temple_entry_statues_pillars, serial_shops,
          nicolae_shop_behind_doors, nicolae_shop_waterfront,
          nicolae_shop_window_shopping
D:8:      layout_basic, serial_glass, glass_columns_a, glass_columns_a,
          feat_on_display, grunt_pizzeria, uniq_grum
Temple:   nicolae_temple_figure_eight

Skill      XL: |  1  2  3  4  5  6  7  8 |
---------------+-------------------------+-----
Bows           | 6 7 8 9 11 12 | 12.1
Fighting       | 3 4 5 6 |  6.4
Dodging        | |  1.3
Stealth        | |  0.4

Action                   |  1- 3 |  4- 6 |  7- 9 || total
-------------------------+-------+-------+-------++-------
Melee: Short sword       |   141 |   236 |       ||   377
       Kick              |    27 |    41 |    50 ||   118
       Spear             |       |    36 |    19 ||    55
       Trident           |       |       |   202 ||   202
Evoke: Wand              |       |     4 |     5 ||     9
  Use: Scroll            |     1 |     6 |     7 ||    14
       Potion            |       |     3 |       ||     3
 Stab: Invisible         |       |     1 |       ||     1
  Eat: Chunk             |     3 |     9 |    10 ||    22
Armor: Leather armour    |    35 |       |       ||    35
       Ring mail         |    23 |    65 |       ||    88
       Scale mail        |       |    58 |   168 ||   226
Dodge: Dodged            |    64 |   134 |    99 ||   297

Table legend:
 A = Non-vault XP
 B = Vault XP
 C = Vault XP percentage of total XP
 D = Non-vault monster count
 E = Vault monster count
 F = Vault count percentage of total count
                 A         B        C        D         E       F
            +---------+---------+-------+---------+---------+-------
      Total |    1843 |     259 |  12.3 |     118 |       8 |   6.3
            +---------+---------+-------+---------+---------+-------
        D:1 |      45 |       0 |   0.0 |      25 |       0 |   0.0
        D:2 |     114 |       0 |   0.0 |      24 |       0 |   0.0
        D:3 |      47 |      12 |  20.3 |      17 |       6 |  26.1
        D:4 |     255 |      35 |  12.1 |      11 |       1 |   8.3
        D:5 |     210 |     212 |  50.2 |      11 |       1 |   8.3
        D:6 |     838 |       0 |   0.0 |      20 |       0 |   0.0
        D:7 |     334 |       0 |   0.0 |      10 |       0 |   0.0
            +---------+---------+-------+---------+---------+-------

Levels and vault maps discovered:
D:1:      dpeg_arrival_round_c, layout_basic
D:2:      layout_basic, first_ration
D:3:      layout_basic, overflow_temple_1_default, zin_angel, minmay_liquid_box,
          wad_rectangle_vault
D:4:      layout_loops_cross, gammafunk_temple_overflow_statue, uniq_ijyb,
          uniq_crazy_yiuf_cottage, uniq_menkaure, uniq_pikel
D:5:      layout_cave_pools, grunt_temple_overflow_cloverleaf, uniq_sigmund
D:6:      layout_loops_ring, kennysheep_flooded_box
D:7:      layout_loops_ring, minmay_temple_entry_statues_pillars, serial_shops,
          nicolae_shop_behind_doors, nicolae_shop_waterfront,
          nicolae_shop_window_shopping
D:8:      layout_basic, serial_glass, glass_columns_a, glass_columns_a,
          feat_on_display, grunt_pizzeria, uniq_grum
Temple:   nicolae_temple_figure_eight

Table legend:
 A = Turns spent in this place as a percentage of turns spent in the entire game.
 B = Non-inter-level travel turns spent in this place as a percentage of non-inter-level travel turns spent in the entire game.
 C = Inter-level travel turns spent in this place as a percentage of turns spent in this place.
 D = Turns resting spent in this place as a percentage of non-inter-level travel turns spent in this place.
 E = Turns spent auto-exploring this place as a percentage of non-inter-level travel turns spent in this place.
 F = Non-inter-level travel turns spent in this place divided by the number of levels of this place that you've seen.
                   A       B       C       D       E      F
               +-------+-------+-------+-------+-------+----------------------
         Total | 100.0 | 100.0 |   2.0 |  29.9 |  54.5 | 1006.0
       Dungeon |  97.9 |  97.9 |   1.9 |  30.6 |  53.6 | 1108.2
        Temple |   2.1 |   2.1 |   4.6 |   0.0 |  96.3 | 188.0
               +-------+-------+-------+-------+-------+----------------------

Table legend:
 A = Kills in this place as a percentage of kills in entire the game.
 B = Kills by you in this place as a percentage of kills by you in the entire game.
 C = Kills by friends in this place as a percentage of kills by friends in the entire game.
 D = Other kills in this place as a percentage of other kills in the entire game.
 E = Experience gained in this place as a percentage of experience gained in the entire game.
 F = Experience gained in this place divided by the number of levels of this place that you have seen.
                   A       B       C       D       E      F
               +-------+-------+-------+-------+-------+----------------------
         Total | 100.0 | 100.0 |   N/A |   N/A | 100.0 | 233.6
       Dungeon | 100.0 | 100.0 |   N/A |   N/A | 100.0 | 262.8
               +-------+-------+-------+-------+-------+----------------------
